 Dungeon Crawl Stone Soup version 0.28-a0-722-gc0678643b6 (webtiles) character file.

Game seed: 5911915802388741499

5 Ijustatesigmund the Charlatan (level 1, 0/13 (17) HPs)
             Began as a Gnoll Artificer on Oct 25, 2021.
             Slain by a quokka (1 damage)
             ... on level 1 of the Dungeon.
             The game lasted 00:01:12 (248 turns).

Ijustatesigmund the Charlatan (Gnoll Artificer)      Turns: 248, Time: 00:01:12

HP:   0/13 (17)     AC:  3    Str: 11    XL:     1   Next: 80%
MP:   1/1           EV: 12    Int: 10    God:
Gold: 19            SH:  0    Dex: 12    Spells: 0/0 levels left

rFire   . . .      SeeInvis .   a - +0 club
rCold   . . .      Faith    .   (no shield)
rNeg    . . .      Spirit   .   b - +0 leather armour
rPois   .          Reflect  .   (no helmet)
rElec   .          Harm     .   (no cloak)
rCorr   .          Rampage  .   (no gloves)
Will    .....                   (no boots)
Stlth   ++........              (no amulet)
HPRegen 0.04/turn               (no ring)
MPRegen 0.07/turn               (no ring)

@: brilliant, heavily drained
A: fangs 1, strong nose, distributed training
a: no special abilities


You were on level 1 of the Dungeon.
You visited 1 branch of the dungeon, and saw 1 of its levels.

You collected 19 gold pieces.

Inventory:

Hand Weapons
 a - a +0 club (weapon)
Missiles
 f - 2 curare-tipped darts (quivered)
Armour
 b - a +0 leather armour (worn)
Jewellery
 g - a ring of positive energy
Wands
 c - a wand of flame (10)
 d - a wand of charming (14)
Miscellaneous
 e - a piece from Xom's chessboard (15/15)


   Skills:
 + Level 2.4 Fighting
 + Level 0.1 Short Blades
 + Level 0.1 Long Blades
 + Level 0.1 Axes
 + Level 0.1 Maces & Flails
 + Level 0.1 Polearms
 + Level 0.1 Staves
 + Level 0.1 Slings
 + Level 0.1 Bows
 + Level 0.1 Crossbows
 + Level 0.1 Throwing
 + Level 4.4 Armour
 + Level 2.4 Dodging
 + Level 2.2 Stealth
 + Level 0.1 Shields
 + Level 0.1 Unarmed Combat
 + Level 0.1 Spellcasting
 + Level 0.1 Conjurations
 + Level 0.1 Hexes
 + Level 0.1 Summonings
 + Level 0.1 Necromancy
 + Level 0.1 Translocations
 + Level 0.1 Transmutations
 + Level 0.1 Fire Magic
 + Level 0.1 Ice Magic
 + Level 0.1 Air Magic
 + Level 0.1 Earth Magic
 + Level 0.1 Poison Magic
 + Level 0.2 Invocations
 + Level 6.4 Evocations


You couldn't memorise any spells.
You didn't know any spells.
Your spell library was empty.

Dungeon Overview and Level Annotations

Branches:
Dungeon (1/15)

Altars:


Innate Abilities, Weirdness & Mutations

You have very sharp teeth.
Your uncanny sense of smell can sniff out nearby items.
Your experience applies equally to all skills.


Message History

The curare-tipped dart hits the ball python.
The ball python is poisoned.
The ball python convulses.
You kill the ball python!
The kobold barely misses you.
Unknown command.
Throw: 4 darts (curare)
Press: ? - help, Q - select action, (/) - cycle Shift-Dir - straight line, f - kobold
Aim: a kobold, wielding a +0 whip of draining and quivering stones (50% to hit)
You throw a curare-tipped dart.
The curare-tipped dart barely misses the kobold.
The kobold barely misses you.
Throw: 3 darts (curare)
Press: ? - help, Q - select action, (/) - cycle Shift-Dir - straight line, f/p - kobold
Aim: a kobold, wielding a +0 whip of draining and quivering stones (50% to hit)
You throw a curare-tipped dart.
The curare-tipped dart closely misses the kobold.
The kobold barely misses you.
Aiming: Throw Flame
Press: ? - help, Shift-Dir - straight line, f/p - kobold
Aim: a kobold, wielding a +0 whip of draining and quivering stones (67% to hit)
The puff of flame hits the kobold but does no damage.
The hobgoblin hits you.
* * * LOW HITPOINT WARNING * * *
The kobold barely misses you.
Aiming: Throw Flame
Press: ? - help, Shift-Dir - straight line, f/p - kobold
Aim: a kobold, wielding a +0 whip of draining and quivering stones (67% to hit)
The puff of flame misses the kobold.
The hobgoblin closely misses you. The kobold closely misses you.
It was a potion of brilliance.
You feel clever all of a sudden. The quokka closely misses you.
The hobgoblin closely misses you.
The kobold hits you with a +0 whip of draining.
* * * LOW HITPOINT WARNING * * *
You feel drained.
Aiming: Charm
Press: ? - help, Shift-Dir - straight line, f - quokka, p - kobold
Aim: a quokka (chance to affect: 80%)
The quokka barely resists.
The quokka bites you.
You die...

#. ##. #### . .. #..
.... #. #.# #.#.#)###
###.##.####...#...###
##.#.(....##............
......K.............. ..
(.....g@............# #.
...?..r.............###.
...?....###.........#...
.......## ##............
....... #.......##.#.
.......## ##.......##.#.
....[...###........##.#.
...................##.#.
#.........###..##.#.


You could see a quokka, a hobgoblin and a kobold.

Vanquished Creatures
  An endoplasm (D:1)
  A hobgoblin (D:1)
  A ball python (D:1)
  3 rats (D:1)
6 creatures vanquished.

Notes
Turn   | Place    | Note
-------+----------+-------------------------------------------
     0 | D:1      | Ijustatesigmund the Gnoll Artificer began the quest for the
                  | Orb.
     0 | D:1      | Reached XP level 1. HP: 17/17 MP: 1/1
   248 | D:1      | Slain by a quokka

Illustrated notes

Levels and vault maps discovered:
D:1:      minmay_arrival_four_circles, layout_basic, serial_shops,
          nicolae_shop_behind_doors

Action                   || total
-------------------------++-------
Melee: Club              ||    15
       Bite              ||     2
Throw: Dart              ||     4
Evoke: Wand              ||     6
  Use: Potion            ||     1
 Stab: Sleeping          ||     1
Armor: Leather armour    ||     3
Dodge: Dodged            ||    24

Table legend: (Time is in decaauts)
 A = Elapsed time spent in this place.
 B = Non-inter-level travel time spent in this place.
 C = Inter-level travel time spent in this place.
 D = Time resting spent in this place.
 E = Time spent auto-exploring this place.
 F = Levels seen in this place.
 G = Mean time per level.
                   A        B        C        D        E       F      G
               +--------+--------+--------+--------+--------+-----+--------+
         Total |    252 |    252 |      0 |    140 |     61 |   1 |  252.0 |
       Dungeon |    252 |    252 |      0 |    140 |     61 |   1 |  252.0 |
               +--------+--------+--------+--------+--------+-----+--------+

Top non-repeatable levels by time:
     D:1: 252 daAuts
